cohdb
Replays
Latest Replays
All Replays
Popular Replays
Top Player Replays
Match Explorer
How It Works
Community
CoH3 Stats
Reddit
Sign in to upload your games and track your stats! →
Sign in with Steam
Match 45523451
Unlisted
Match 45523451
Overview
Messages
Build Orders
End
Construct Barracks
Riflemen Squad
Riflemen Squad
Selects Advanced Infantry Battlegroup
Riflemen Squad
Grenade Package
Selects Artillery Observers
Artillery Observer Squad
M1 Mortar Team
Selects Convert to Ranger Squad
Chuns
rune41
Alloyzy Klex
SEPH
0
0
Comments
sign in to comment!
No comments posted yet!